 Dungeon Crawl Stone Soup version 0.22-a0-3-g4fa69d9 (webtiles) character file.

515627 hairmachine the Slayer (level 24, -1/182 (184) HPs)
             Began as a Deep Dwarf Fighter on Dec 30, 2017.
             Was the Champion of Makhleb.
             Killed from afar by a starcursed mass (18 damage)
             ... with an accursed screaming
             ... on level 3 of the Abyss on Jan 1, 2018.
             The game lasted 05:48:51 (56277 turns).

hairmachine the Slayer (Deep Dwarf Fighter)        Turns: 56277, Time: 05:48:52

HP:   -1/182 (184)  AC: 33    Str: 27      XL:     24   Next: 0%
MP:   20/25         EV: 10    Int:  8 (10) God:    Makhleb [******]
Gold: 4029          SH: 20    Dex: 10 (11) Spells: 23/23 levels left

rFire    + . .     SeeInvis .   A - +8 demon blade (venom)
rCold    + + .     Gourm    .   M - +2 shield
rNeg     + . .     Faith    .   E - +2 gold dragon scales
rPois    +         Spirit   .   R - +0 helmet (curse)
rElec    +         Reflect  +   a - +1 cloak
rCorr    .         Harm     .   F - +1 pair of gloves of the Shining Light {rElec}
MR       ++++.     Rnd*Rage +   Z - +1 pair of boots of Negligence {Int+3}
Stlth    ..........             U - amulet "Pistrixua" {Reflect rC+ SH+4}
HPRegen  0.00/turn              P - ring of protection from magic
MPRegen  0.19/turn              G - +6 ring of protection

@: berserk cooldown, non-regenerating, slowed, very slow
A: damage resistance, heal wounds, berserk 1[+2], [blurry vision 3], [clumsy 2],
deformed body, deterioration 1, [dopey 2], [frail 3], [low mp 1], negative
energy resistance 1, sense surroundings 3, [screaming 3], [no potion heal 2],
[MP-powered wands], no regeneration
}: 3/15 runes: barnacled, abyssal, gossamer
a: Heal Wounds, Minor Destruction, Lesser Servant of Makhleb, Major Destruction,
Greater Servant of Makhleb, Renounce Religion


You were on level 3 of the Abyss.
You worshipped Makhleb.
Makhleb was exalted by your worship.
You were very hungry.

You visited 8 branches of the dungeon, and saw 43 of its levels.
You visited the Abyss 1 time.
You also visited: Labyrinth and Ossuary.

You collected 4540 gold pieces.
You spent 511 gold pieces at shops.

Inventory:

Hand Weapons
 A - a +8 demon blade of venom (weapon)
Missiles
 J - 4 throwing nets (quivered)
 S - 35 javelins
Armour
 a - a +1 cloak (worn)
 E - +2 gold dragon scales (worn)
 F - the +1 pair of gloves of the Shining Light (worn) {rElec}
   (You found it on level 5 of the Dungeon)

   It insulates you from electricity.
 M - a +2 shield (worn)
 N - a +0 large shield
 R - a cursed +0 helmet (worn)
 Z - the +1 pair of boots of Negligence (worn) {Int+3}
   (You found it on level 4 of the Depths)

   It affects your intelligence (+3).
Jewellery
 n - an uncursed ring of protection from cold
 D - an uncursed ring of see invisible
 G - a +6 ring of protection (right hand)
 P - a ring of protection from magic (left hand)
 U - the amulet "Pistrixua" (around neck) {Reflect rC+ SH+4}
   (You bought it in a shop on level 3 of the Vaults)

   [amulet of reflection]

   It shields you and reflects attacks.
   It protects you from cold.
   It affects your SH (+4).
Wands
 b - a wand of iceblast (35)
 i - a wand of polymorph (39)
 x - a wand of enslavement (35)
 Q - a wand of paralysis (53)
 T - a wand of acid (16)
 W - a wand of digging (19)
Scrolls
 c - 2 scrolls of enchant weapon
 g - a scroll of enchant armour
 k - 6 scrolls of fear
 l - a scroll of holy word
 o - 3 scrolls of immolation
 q - 16 scrolls of identify
 r - 4 scrolls of magic mapping
 s - 18 scrolls of remove curse
 y - 2 scrolls of silence
 H - a scroll of amnesia
 I - 11 scrolls of teleportation
 K - 9 scrolls of fog
 O - a scroll of blinking
 Y - a scroll of summoning
Potions
 d - 10 potions of flight
 e - 3 potions of berserk rage
 h - 11 potions of brilliance
 j - 5 potions of mutation
 m - 8 potions of haste
 p - 3 potions of might
 t - 3 potions of resistance
 u - 5 potions of ambrosia
 v - 7 potions of lignification
 w - 4 potions of magic
 B - 8 potions of heal wounds
 C - 6 potions of invisibility
 L - 11 potions of curing
 V - a potion of agility
 X - 2 potions of cancellation
Miscellaneous
 z - a fan of gales
Comestibles
 f - 83 rations


   Skills:
 + Level 25.0 Fighting
 - Level 14.0 Long Blades
 + Level 17.4 Armour
 + Level 11.2 Dodging
 - Level 15.0 Shields
 + Level 20.6 Invocations
 + Level 11.6 Evocations


You had 23 spell levels left.
You didn't know any spells.

Dungeon Overview and Level Annotations

Branches:
Dungeon (15/15)            Temple (0/1) D:7            Lair (6/6) D:8
 Shoals (4/4) Lair:2       Spider (4/4) Lair:4        Slime (0/5) Lair:5
    Orc (2/2) D:10            Elf (3/3) Orc:2        Vaults (4/5) D:13
  Crypt (0/3) Vaults:3     Depths (5/5) D:15            Zot (0/5) Depths:5

Altars:
Ashenzari
Fedhas
Hepliaklqana
Makhleb
Nemelex Xobeh
Okawaru
Ru
Sif Muna
Trog
Vehumet
Wu Jian
Yredelemnul
The Shining One
Beogh

Shops:
D:7 *   D:8 (   D:9 }   Orc:2 *}[(=   Elf:1 :   Elf:2 :   Elf:3 *(   Shoals:2 %
Vaults:1 [   Vaults:2 (   Vaults:3 =

Portals:
Hell: Depths:1 Depths:2 Depths:3 Depths:4 Depths:5
Abyss: Depths:4
Pandemonium: Depths:3 Depths:4
Ziggurat: Depths:3

Annotations:
D:10 2 transporters
Lair:1 exclusion: oklob plant
Lair:5 exclusion: 2 oklob plants
Shoals:3 Mara
Spider:1 exclusion: downstairs
Spider:2 exclusion: downstairs
Elf:1 exclusion: 2 downstairs
Elf:2 exclusion: downstairs
Vaults:4 exclusion: 4 lightning spires


Innate Abilities, Weirdness & Mutations

You are resistant to damage.
You can heal yourself by infusing magical energy.
You resist negative energy. (rN+)
You passively map a large area around you.
You do not regenerate.
Armour fits poorly on your strangely shaped body.
Your body sometimes deteriorates upon taking damage.
[You have an uncontrollable temper.]
[Scrolls take you much longer to read.]
[You are very clumsy. (Dex -4)]
[You are very dopey. (Int -4)]
[You are extremely frail. (-30% HP)]
[Your magical capacity is low. (-10% MP)]
[You frequently scream uncontrollably at your foes.]
[Potions are poor at restoring your health.]
[You expend magic power (3 MP) to strengthen your wands.]


Message History

* * * LOW HITPOINT WARNING * * *
You shrug off the repeated paralysis!
A starcursed mass splits.
You block the starcursed mass's attack.
A starcursed mass splits.
You begin reading the scroll.
You continue reading the scroll.
You block the starcursed mass's attack.
The starcursed mass engulfs you but does no damage.
You block the starcursed mass's attack. x2
The starcursed mass engulfs you but does no damage.
A cacophony of accursed wailing tears at your sanity!
* * * LOW HITPOINT WARNING * * *
Your body deteriorates!
You feel clumsy. You block the starcursed mass's attack.
You continue reading the scroll.
The starcursed mass engulfs you but does no damage.
You block the starcursed mass's attack. x2
The starcursed mass engulfs you but does no damage. x2
A starcursed mass splits.
The starcursed mass engulfs you.
* * * LOW HITPOINT WARNING * * *
A cacophony of accursed wailing tears at your sanity!
You die...

# . . # ## ##. . #.
# #. ..# #. . .## #
# .# .# [ ... #. '
#'##### #.#
.§..#X###X.....# # #
....3XX*XX......# ..
...5XXX#@X......# .
..5XXXXXX......####.
. ...5X####'...... .
. . ...X #..
.......# ## § # .
∩......# ..........
. # ####...... # ..
#...... . . .. # .


You could see 14 starcursed masses, a wretched star, a ynoxinul and 2 ufetubi.

Vanquished Creatures
  Boris (Vaults:4)
  Sojobo (Depths:5)
  Bai Suzhen (Vaults:4)
  Margery (Depths:5)
  Saint Roka (Depths:5)
  2 caustic shrikes
  Nikola (Elf:2)
  2 golden dragons
  Arachne (Spider:2)
  2 bone dragons (Depths:5)
  The ghost of Regeox the Warrior, an adept HOFi of Okawaru (Elf:3)
  Jorgrun (Shoals:3)
  3 tentacled monstrosities
  2 liches (Depths:4)
  A deep elf blademaster (Elf:3)
  2 quicksilver dragons
  An Executioner (Abyss:3)
  5 sphinxes
  3 tentacled starspawn (Abyss:3)
  6 tengu reavers
  A shadow dragon (Depths:4)
  Agnes (Elf:2)
  Roxanne (Elf:2)
  4 storm dragons
  2 draconian monks
  2 draconian knights
  8 frost giants
  4 fire giants
  2 orc warlords
  4 deep elf sorcerers
  4 ghost moths
  5 vault wardens
  4 emperor scorpions
  A draconian shifter (Abyss:3)
  15 ironheart preservers
  28 very ugly things
  4 spriggan defenders
  2 deep elf elementalists (Elf:3)
  10 stone giants
  5 entropy weavers
  2 vampire knights
  4 deep elf demonologists
  12 spark wasps
  A green draconian (Depths:5)
  6 deep elf annihilators
  A lorocyproca (Depths:4)
  A red draconian (Depths:5)
  A yellow draconian (Depths:5)
  2 deep elf death magi
  11 ettins
  3 merfolk javelineers
  16 fire dragons
  A minotaur (Lab)
  2 jiangshi (Depths:3)
  8 merfolk impalers
  5 rakshasas
  13 ogre magi
  10 yaktaur captains
  Fannar (Orc:1)
  2 great orbs of eyes
  11 hydras
  10 ice dragons
  A catoblepas (Lair:5)
  A hell beast (Depths:4)
  7 spriggan air magi
  A death knight (Vaults:3)
  A merfolk aquamancer (Shoals:4)
  4 merfolk avatars (Shoals:4)
  27 dancing weapons
  6 deep troll earth magi
  47 two-headed ogres
  7 centaur warriors
  2 vampire magi
  A satyr (Shoals:2)
  6 orc high priests (Orc:2)
  5 spriggan berserkers
  6 tengu warriors
  12 deep troll shamans
  23 deep elf knights
  A shock serpent (Vaults:4)
  7 thrashing horrors (Abyss:3)
  12 hell knights
  5 spriggans
  7 wretched stars (Abyss:3)
  6 skeletal warriors
  A spatial maelstrom (Abyss:3)
  5 sea snakes
  A glowing orange brain (shapeshifter) (Depths:3)
  3 shadow wraiths
  A spriggan druid (Elf:3)
  22 deep trolls
  2 unseen horrors
  An iron troll (Depths:5)
  8 flayed ghosts
  A death drake (shapeshifter) (Abyss:3)
  A kraken simulacrum (Shoals:4)
  A swamp dragon (Lair:1)
  A torturous demonspawn (Depths:4)
  A phantasmal warrior (Vaults:3)
  5 glowing orange brains
  5 ironbrand convokers
  5 wizards
  12 deep elf archers
  A swamp dragon (shapeshifter) (Depths:5)
  31 wolf spiders
  6 necromancers
  10 orc knights
  14 harpies
  2 wolf spider zombies
  56 ugly things
  13 orb spiders
  77 deep elf magi
  8 orc sorcerers
  3 elephants (Lair:4)
  A salamander (shapeshifter) (Vaults:1)
  24 fauns
  4 draconians (Abyss:3)
  3 moths of wrath
  5 cyclopes
  14 manticores
  2 worldbinders (Abyss:3)
  4 water nymphs
  14 merfolk sirens
  Maurice (D:8)
  6 smoke demons (Abyss:3)
  9 vault sentinels
  4 black mambas
  Psyche (D:8)
  A gargoyle (D:13)
  A storm dragon simulacrum (Abyss:3)
  17 spiny frogs
  3 rime drakes
  2 torpor snails
  48 yaktaurs
  A kobold demonologist (D:12)
  6 freezing wraiths
  2 efreet
  A hellion (Abyss:3)
  3 ancient zymes (Abyss:3)
  3 tengu conjurers
  2 komodo dragons
  14 demonic crawlers
  5 wind drakes
  8 meliai
  16 merfolk
  2 queen bees
  5 tyrant leeches
  26 jumping spiders
  2 polar bears (shapeshifter)
  20 hornets
  6 polar bears
  7 trolls
  9 hippogriffs
  Prince Ribbit (D:9)
  2 raiju (shapeshifter)
  17 slime creatures
  15 blink frogs
  A flying skull (Abyss:3)
  4 dream sheep (Lair:4)
  A human simulacrum (Vaults:3)
  2 raiju
  Sigmund (D:3)
  A redback (shapeshifter) (Depths:5)
  27 tarantellas
  3 ynoxinuls
  59 redbacks
  2 shadows (D:15)
  4 wraiths
  A yak (shapeshifter) (Vaults:1)
  12 air elementals
  13 water elementals
  4 fire elementals
  4 hogs (D:7)
  61 yaks
  A golden eye (shapeshifter) (Elf:2)
  A human (D:7)
  5 chaos spawn
  A neqoxec (Depths:4)
  A steam dragon (D:9)
  2 hungry ghosts
  15 vampire mosquitoes
  11 wargs
  A swamp worm (shapeshifter) (Vaults:1)
  Menkaure (D:4)
  3 acid dragons
  A naga (shapeshifter) (Depths:2)
  A soldier ant (D:15)
  A soldier ant (shapeshifter) (Abyss:3)
  5 porcupines
  5 water moccasins
  A hell hound (Depths:4)
  11 large abominations (Abyss:3)
  Purgy (D:2)
  A swamp drake (D:10)
  8 ice beasts
  A sky beast (shapeshifter) (Vaults:2)
  8 sky beasts
  2 eyes of draining (Abyss:3)
  46 orc warriors
  A black bear (shapeshifter) (Elf:3)
  A black bear (D:8)
  3 phantoms
  6 small abominations (Abyss:3)
  23 wolves
  20 boggarts
  A necrophage (D:14)
  36 ogres
  An ogre (shapeshifter) (Depths:5)
  16 centaurs
  A snapping turtle skeleton (Abyss:3)
  8 crocodiles
  A big kobold (D:8)
  30 bullfrogs
  7 earth elementals
  A gnoll sergeant (D:9)
  A wyvern skeleton (D:15)
  A wyvern zombie (D:10)
  4 scorpions (Spider:3)
  4 wights (D:6)
  26 killer bees
  6 electric eels
  6 howler monkeys
  2 lava snakes (D:10)
  6 crimson imps
  14 starcursed masses (Abyss:3)
  3 quasits
  A bullfrog zombie (D:6)
  8 centaur zombies
  5 hounds
  10 centaur skeletons
  16 orc priests
  3 jellies
  27 orc wizards
  An iron imp (Depths:2)
  A bullfrog skeleton (D:9)
  3 iguanas
  11 worker ants
  A killer bee zombie (D:7)
  4 big kobold zombies (Ossuary)
  A hound skeleton (D:7)
  A mummy (Ossuary)
  Robin (D:3)
  4 gnolls
  4 adders
  A shadow imp (D:11)
  3 white imps
  An ufetubus (Abyss:3)
  An ooze (D:2)
  2 adder zombies
  2 worms (D:2)
  A dart slug (D:1)
  4 leopard geckos
  76 orcs
  4 spectral bats (Ossuary)
  2 ball pythons
  4 bats
  2 giant cockroaches
  5 gnoll zombies (Ossuary)
  17 goblins
  17 hobgoblins
  4 jackals
  2 quokkas
  4 frilled lizards
  A giant cockroach zombie (D:6)
  3 goblin zombies (Ossuary)
  8 hobgoblin zombies (Ossuary)
  A jackal skeleton (D:5)
  7 kobolds
  3 kobold zombies (Ossuary)
  A leopard gecko skeleton (D:4)
  3 orc zombies (Ossuary)
  A quokka skeleton (D:7)
  6 rats
  A spectral goblin (Ossuary)
  5 spectral kobolds (Ossuary)
  2 spectral rats (Ossuary)
  A plant (Lair:1)
  3 starspawn tentacles (Abyss:3)
1960 creatures vanquished.

Vanquished Creatures (collateral kills)
  A vault warden (Vaults:4)
  A yaktaur captain (Vaults:4)
  An ogre mage (Vaults:2)
  A shadow wraith (Vaults:4)
  A necromancer (Vaults:2)
  An orb spider (Spider:4)
  A vault sentinel (Vaults:2)
  A yaktaur (Vaults:4)
  2 freezing wraiths (Vaults:4)
  An ogre (Vaults:2)
11 creatures vanquished.

Vanquished Creatures (others)
  A frost giant (Depths:5)
  A merfolk impaler (Depths:3)
  2 yaktaur captains
  4 satyrs
  A tengu warrior (Depths:1)
  2 deep elf knights
  A shadow wraith (Vaults:4)
  2 deep elf archers
  An ironbrand convoker (Vaults:4)
  2 deep elf magi
  2 fauns
  A merfolk siren (Shoals:3)
  6 yaktaurs
  A redback (Spider:4)
  2 tarantellas (Spider:4)
  A water elemental (Depths:2)
  3 boggarts
  2 killer bees (Abyss:3)
  3 ball lightnings (Vaults:4)
  An orc (Depths:5)
  An orc zombie (Ossuary)
  31 fungi
  A lurking horror (Abyss:3)
  36 plants
  6 starspawn tentacles (Abyss:3)
  16 tentacles
130 creatures vanquished.

Grand Total: 2101 creatures vanquished

Notes
Turn   | Place    | Note
-------+----------+-------------------------------------------
     0 | D:1      | hairmachine the Deep Dwarf Fighter began the quest for the Orb.
     0 | D:1      | Reached XP level 1. HP: 20/20 MP: 1/1
   260 | D:1      | Reached XP level 2. HP: 22/27 MP: 2/2
   876 | D:2      | Reached XP level 3. HP: 20/33 MP: 3/3
  1271 | D:2      | Found a sparkling altar of Nemelex Xobeh.
  1284 | D:2      | Found a shattered altar of Ashenzari.
  1356 | D:2      | Found a hazy altar of Hepliaklqana.
  1412 | D:3      | Noticed Purgy
  1438 | D:2      | Killed Purgy
  1438 | D:2      | Reached skill level 5 in Long Blades
  1438 | D:2      | Reached XP level 4. HP: 22/40 MP: 4/4
  1438 | D:2      | Reached XP level 5. HP: 26/46 MP: 5/5
  1492 | D:3      | Noticed Robin
  1547 | D:3      | Killed Robin
  1743 | D:3      | Noticed Sigmund
  1782 | D:3      | Killed Sigmund
  1782 | D:3      | Reached XP level 6. HP: 55/55 MP: 6/6
  2561 | D:4      | Noticed Blork the orc
  2750 | D:4      | Reached XP level 7. HP: 37/61 MP: 7/7
  2987 | D:4      | Noticed Blork
  2987 | D:4      | Blork the orc changed into Blork the boggart
  2994 | D:4      | Killed Blork the boggart
  2994 | D:4      | Reached skill level 3 in Fighting
  3081 | D:4      | Noticed Menkaure
  3098 | D:4      | Killed Menkaure
  3323 | D:5      | Entered Level 5 of the Dungeon
  3759 | D:5      | Reached skill level 1 in Dodging
  3996 | D:5      | Got a pair of transparent gloves
  4002 | D:5      | Identified the +1 pair of gloves of the Shining Light {rElec} (You found it on level 5 of the Dungeon)
  4089 | D:5      | Reached XP level 8. HP: 34/72 MP: 7/7
  4513 | D:6      | Reached skill level 4 in Fighting
  4735 | D:6      | Reached skill level 5 in Shields
  4974 | D:6      | Found a sand-covered staircase.
  4982 | Ossuary  | Entered an ossuary
  5552 | D:6      | Found a basalt altar of Yredelemnul.
  5553 | D:6      | Found a burning altar of Makhleb.
  5560 | D:6      | Became a worshipper of Makhleb the Destroyer
  5718 | D:7      | Gained mutation: You passively map the area around you. [Deep Dwarf growth]
  5718 | D:7      | Reached XP level 9. HP: 49/80 MP: 7/7
  5732 | D:7      | Found Bynesk's General Store.
  5746 | D:7      | Bought a scroll of fog for 24 gold pieces
  5746 | D:7      | Bought a potion of curing for 36 gold pieces
  5797 | D:7      | Found a glowing golden altar of the Shining One.
  5880 | D:7      | Reached skill level 5 in Fighting
  5880 | D:7      | Reached skill level 1 in Invocations
  6036 | D:7      | Found a faded altar of an unknown god.
  6039 | D:7      | Found a staircase to the Ecumenical Temple.
  6055 | D:7      | Found a blossoming altar of Fedhas.
  6183 | D:7      | Reached skill level 5 in Dodging
  6564 | D:8      | Noticed Maurice
  6697 | D:8      | Found a staircase to the Lair.
  6755 | D:8      | Found Batorgh's Antique Weapon Emporium.
  6831 | D:8      | Killed Maurice
  6936 | D:8      | Found a bloodstained altar of Trog.
  6999 | D:8      | Reached * piety under Makhleb
  7015 | D:8      | Reached skill level 6 in Fighting
  7050 | D:8      | Reached XP level 10. HP: 39/91 MP: 10/10
  7058 | D:8      | Found an ornate altar of the Wu Jian Council.
  7343 | D:9      | Noticed a black mamba
  7343 | D:9      | a hornet changed into a black mamba
  7349 | D:9      | Killed a black mamba
  7349 | D:9      | Reached skill level 5 in Invocations
  7411 | D:9      | Found a bloodstained altar of Trog.
  7577 | D:9      | Found a deep blue altar of Sif Muna.
  7618 | D:9      | Found a basalt altar of Yredelemnul.
  7661 | D:9      | Noticed Psyche
  7706 | D:8      | Killed Psyche
  7706 | D:8      | Reached skill level 10 in Long Blades
  7901 | D:9      | Noticed Prince Ribbit
  7913 | D:9      | Killed Prince Ribbit
  7974 | D:9      | Got a crude jade ring
  7975 | D:9      | Identified the ring "Aggafayt" {+Fly rN+} (You found it on level 9 of the Dungeon)
  8005 | D:9      | Found Kafat's Gadget Shoppe.
  8302 | Lair:1   | Entered Level 1 of the Lair of Beasts
  8440 | Lair:1   | Noticed an oklob plant
  8661 | Lair:1   | Noticed a swamp dragon
  8676 | Lair:1   | Killed a swamp dragon
  8821 | Lair:1   | Reached skill level 7 in Fighting
  9261 | Lair:2   | Reached XP level 11. HP: 56/100 MP: 11/11
  9680 | Lair:2   | Reached ** piety under Makhleb
  9716 | Lair:2   | Noticed a six-headed hydra
  9797 | Lair:2   | Killed a six-headed hydra
  9797 | Lair:2   | Reached skill level 8 in Fighting
  9967 | D:10     | Entered Level 10 of the Dungeon
 10138 | D:10     | Found a transporter.
 10158 | D:10     | Noticed a fire crab
 10161 | D:10     | Noticed a deep elf knight
 10167 | D:10     | Found a transporter.
 10319 | D:10     | Found a sparkling altar of Nemelex Xobeh.
 10749 | D:10     | Noticed an orc sorcerer
 10892 | D:10     | Reached skill level 9 in Fighting
 10949 | D:10     | Noticed a two-headed ogre
 11181 | D:10     | Killed a two-headed ogre
 11221 | D:10     | Reached *** piety under Makhleb
 11292 | D:10     | Found a staircase to the Orcish Mines.
 11640 | D:11     | Reached XP level 12. HP: 108/114 MP: 13/13
 11892 | D:11     | Noticed a centaur warrior
 11914 | D:11     | Killed a centaur warrior
 12454 | D:12     | Reached **** piety under Makhleb
 12525 | D:12     | Reached skill level 10 in Shields
 12759 | D:12     | Reached skill level 10 in Fighting
 13294 | D:13     | Noticed a two-headed ogre
 13324 | D:13     | Killed a two-headed ogre
 13437 | D:13     | Noticed a two-headed ogre
 13442 | D:13     | Noticed a tengu warrior
 13446 | D:13     | Killed a two-headed ogre
 13446 | D:13     | Reached skill level 10 in Invocations
 13452 | D:13     | Killed a tengu warrior
 13495 | D:13     | Found a gate to the Vaults.
 13712 | D:13     | Noticed a four-headed hydra
 13744 | D:13     | Killed a four-headed hydra
 13744 | D:13     | Reached XP level 13. HP: 99/126 MP: 15/15
 13803 | D:13     | Reached skill level 1 in Evocations
 13820 | D:13     | Identified the Almanac of Doomed Feathers
 13890 | D:13     | Identified a scroll of acquirement
 14272 | Lair:2   | Found a staircase to the Shoals.
 14419 | Lair:3   | Reached skill level 11 in Fighting
 14419 | Lair:3   | Reached skill level 10 in Dodging
 14436 | Lair:3   | Identified the Incunabulum of Lethal Poisoning
 14545 | Lair:3   | Reached ***** piety under Makhleb
 15632 | Lair:4   | Found a hole to the Spider Nest.
 16135 | Lair:5   | Reached skill level 5 in Armour
 16357 | Lair:5   | Found a staircase to the Slime Pits.
 16613 | Lair:6   | Entered Level 6 of the Lair of Beasts
 16733 | Lair:6   | Found a labyrinth entrance.
 16805 | Lair:5   | Reached skill level 5 in Evocations
 16865 | Lab      | Entered a labyrinth
 17413 | Lab      | Noticed a minotaur
 17438 | Lab      | Killed a minotaur
 17454 | Lab      | Identified the Incunabulum of Shape Shifting and Calling
 17519 | Lair:6   | Reached skill level 12 in Fighting
 17575 | Lair:6   | Gained mutation: You resist negative energy. (rN+) [Deep Dwarf growth]
 17575 | Lair:6   | Reached XP level 14. HP: 138/138 MP: 16/16
 17934 | Lair:6   | Reached ****** piety under Makhleb
 18678 | Lair:6   | Got a faintly humming scale mail
 18680 | Lair:6   | Got an encrusted plate armour
 18681 | Lair:6   | Identified the +2 scale mail of the Present {rF+ Str+3} (You found it on level 6 of the Lair of Beasts)
 18682 | Lair:6   | Identified the cursed +0 plate armour "Xoit" {Regen+ Str+3} (You found it on level 6 of the Lair of Beasts)
 19873 | D:14     | Found a sacrificial altar of Ru.
 19898 | D:15     | Entered Level 15 of the Dungeon
 19946 | D:15     | Reached skill level 13 in Fighting
 20416 | D:15     | Found a glowing golden altar of the Shining One.
 20826 | D:15     | Found a staircase to the Depths.
 21195 | Orc:1    | Entered Level 1 of the Orcish Mines
 21751 | Orc:1    | Noticed Fannar
 21763 | Orc:1    | Killed Fannar
 21922 | Orc:1    | Reached XP level 15. HP: 149/149 MP: 17/17
 22253 | Orc:2    | Entered Level 2 of the Orcish Mines
 22253 | Orc:2    | Found a staircase to the Elven Halls.
 22268 | Orc:2    | Found Byzo's Gadget Shoppe.
 22274 | Orc:2    | Noticed an orc warlord
 22448 | Orc:2    | Killed an orc warlord
 22633 | Orc:2    | Found Doniol's Antique Weapon Emporium.
 22664 | Orc:2    | Reached skill level 14 in Fighting
 22748 | Orc:2    | Found Luoph's General Store.
 22832 | Orc:2    | Found Ginled's Antique Armour Emporium.
 22876 | Orc:2    | Found a roughly hewn altar of Beogh.
 23133 | Orc:2    | Found Hitib's Jewellery Emporium.
 23195 | Orc:2    | Found a roughly hewn altar of Beogh.
 23735 | Spider:1 | Entered Level 1 of the Spider Nest
 24527 | Spider:2 | Noticed Arachne
 24826 | Spider:2 | Killed Arachne
 24948 | Spider:2 | Reached skill level 10 in Armour
 25341 | Spider:2 | Killed a ghost moth
 25476 | Spider:3 | Reached skill level 15 in Fighting
 25648 | Spider:2 | Reached XP level 16. HP: 159/163 MP: 19/19
 26268 | Spider:3 | Paralysed by a hornet for 3 turns
 26662 | Spider:4 | Entered Level 4 of the Spider Nest
 27173 | Spider:4 | Upgraded the game from 0.21-a0-641-geef9d7f to 0.22-a0-3-g4fa69d9
 28497 | Spider:4 | Reached skill level 16 in Fighting
 28666 | Spider:4 | Got a gossamer rune of Zot
 28967 | Vaults:1 | Entered Level 1 of the Vaults
 28969 | Vaults:1 | Noticed an Ice Fiend
 29323 | Vaults:1 | Reached XP level 17. HP: 172/172 MP: 21/21
 29475 | Vaults:1 | Found Tecal's Antique Armour Shop.
 29527 | Vaults:1 | Reached skill level 10 in Evocations
 30864 | Vaults:1 | Reached skill level 17 in Fighting
 30974 | Vaults:2 | Found Xusse's Weapon Shop.
 32228 | Vaults:2 | You fall through a shaft for 2 floors!
 32855 | Vaults:3 | Found a staircase to the Crypt.
 32887 | Vaults:3 | Gained mutation: You passively map a large area around you. [Deep Dwarf growth]
 32887 | Vaults:3 | Reached XP level 18. HP: 187/187 MP: 23/23
 32903 | Vaults:3 | Reached skill level 15 in Shields
 33062 | Vaults:3 | Reached skill level 18 in Fighting
 33912 | Vaults:3 | Paralysed by a sphinx for 5 turns
 34140 | Vaults:3 | Reached skill level 19 in Fighting
 34239 | Vaults:3 | Found Kiumol's Jewellery Shoppe.
 34247 | Vaults:3 | Bought the amulet "Pistrixua" {Reflect rC+ SH+4} for 451 gold pieces
 35216 | Vaults:4 | Noticed Boris
 35242 | Vaults:4 | Killed Boris
 35306 | Vaults:4 | Reached skill level 20 in Fighting
 35350 | Vaults:4 | Reached XP level 19. HP: 202/202 MP: 24/24
 35372 | Vaults:4 | Noticed Bai Suzhen
 35394 | Vaults:4 | Killed Bai Suzhen
 36882 | Vaults:3 | Found Kiumol's Jewellery Shoppe.
 36946 | Vaults:3 | Found a staircase to the Crypt.
 37361 | Elf:1    | Entered Level 1 of the Elven Halls
 37398 | Elf:1    | Found a radiant altar of Vehumet.
 37433 | Elf:1    | Reached skill level 15 in Invocations
 37664 | Elf:1    | Found Peenigemo's Book Shoppe.
 38589 | Elf:2    | Found Anoat's Book Emporium.
 38699 | Elf:2    | Noticed Roxanne
 38813 | Elf:2    | Noticed a Brimstone Fiend
 38961 | Elf:2    | Reached skill level 21 in Fighting
 39092 | Elf:2    | Killed Roxanne
 39093 | Elf:2    | Identified Roxanne's Handbook of Moulding (You took it off Roxanne on level 2 of the Elven Halls)
 39264 | Elf:2    | Found a runed gate.
 39269 | Elf:2    | Found a runed gate.
 39270 | Elf:2    | Found a runed gate.
 39611 | Elf:2    | Noticed Nikola
 39640 | Elf:2    | Killed Nikola
 39973 | Elf:2    | Noticed Agnes
 39986 | Elf:2    | Killed Agnes
 40014 | Elf:2    | Reached XP level 20. HP: 74/216 MP: 9/26
 40494 | Shoals:1 | Entered Level 1 of the Shoals
 41685 | Shoals:2 | Found Soazusch's Food Shoppe.
 42065 | Shoals:3 | Noticed Jorgrun
 42101 | Shoals:3 | Killed Jorgrun
 42302 | Shoals:3 | Reached skill level 22 in Fighting
 42679 | Shoals:3 | Noticed Mara
 42688 | Shoals:3 | Noticed hairmachine's illusion
 43062 | Depths:1 | Entered Level 1 of the Depths
 43736 | Depths:1 | Found a gateway to Hell.
 44389 | Depths:1 | Found an iron altar of Okawaru.
 45524 | Shoals:4 | Entered Level 4 of the Shoals
 45624 | Shoals:4 | Reached XP level 21. HP: 139/229 MP: 27/27
 45746 | Shoals:4 | Got a barnacled rune of Zot
 45779 | Shoals:3 | Noticed hairmachine's illusion
 46223 | Depths:1 | Reached skill level 23 in Fighting
 46800 | Depths:2 | Noticed a caustic shrike
 46810 | Depths:2 | Killed a caustic shrike
 46971 | Depths:2 | Noticed a golden dragon
 46971 | Depths:2 | Noticed a golden dragon
 47456 | Depths:3 | Found a gateway to a ziggurat.
 48628 | Depths:3 | Reached XP level 22. HP: 234/242 MP: 28/28
 48953 | Depths:3 | Reached skill level 24 in Fighting
 49068 | Depths:3 | Found a one-way gate leading to the halls of Pandemonium.
 49664 | Depths:4 | Noticed a caustic shrike
 49690 | Depths:4 | Killed a caustic shrike
 49887 | Depths:4 | Got a pair of polished boots
 49890 | Depths:4 | Identified the +1 pair of boots of Negligence {Int+3} (You found it on level 4 of the Depths)
 49967 | Depths:4 | Found a one-way gate to the infinite horrors of the Abyss.
 49967 | Depths:4 | Gained mutation: [You tend to lose your temper in combat.] [a neqoxec]
 50001 | Depths:4 | Gained mutation: Your body sometimes deteriorates upon taking damage. [a neqoxec]
 50237 | Depths:4 | Reached skill level 15 in Armour
 50346 | Depths:4 | Noticed a golden dragon
 50372 | Depths:4 | Killed a golden dragon
 50986 | Depths:5 | Entered Level 5 of the Depths
 51083 | Depths:5 | Found a gate to the Realm of Zot.
 51800 | Depths:5 | Reached XP level 23. HP: 253/253 MP: 29/29
 51932 | Depths:5 | Noticed Sojobo
 51999 | Depths:5 | Killed Sojobo
 52088 | Depths:5 | Noticed Saint Roka
 52129 | Depths:5 | Killed Saint Roka
 52493 | Depths:5 | Found a sparkling altar of Nemelex Xobeh.
 52753 | Depths:5 | Noticed Margery
 52772 | Depths:5 | Killed Margery
 53782 | Elf:3    | Entered Level 3 of the Elven Halls
 53955 | Elf:3    | Noticed Regeox's ghost (adept HOFi)
 54012 | Elf:3    | Killed Regeox's ghost
 54487 | Elf:3    | Found Qepteli's Antique Weapon Shop.
 54604 | Elf:3    | Gained mutation: Armour fits poorly on your strangely shaped body. [a neqoxec]
 54630 | Elf:3    | Found Dmirghus's Desiderata Depot.
 54923 | Elf:3    | Cast into level 3 of the Abyss (deep elf death mage)
 55224 | Abyss:3  | Found a corrupted altar of Lugonu.
 55595 | Abyss:3  | Paralysed by accursed screaming for 2 turns
 55605 | Abyss:3  | Paralysed by accursed screaming for 2 turns
 55783 | Abyss:3  | Reached skill level 25 in Fighting
 56129 | Abyss:3  | Got an abyssal rune of Zot
 56235 | Abyss:3  | Paralysed by accursed screaming for 2 turns
 56249 | Abyss:3  | Paralysed by accursed screaming for 2 turns
 56258 | Abyss:3  | Paralysed by accursed screaming for 2 turns
 56262 | Abyss:3  | Reached XP level 24. HP: 168/209 MP: 18/25
 56264 | Abyss:3  | Paralysed by accursed screaming for 2 turns
 56272 | Abyss:3  | Paralysed by accursed screaming for 2 turns
 56277 | Abyss:3  | Killed from afar by a starcursed mass

Vault maps used:
D:1:      lightli_arrival_lavapool
D:2:      lemuel_coloured_pillars_altar, old_standard_altar, ashenzari_altar_1
D:3:      uniq_sigmund, uniq_robin, uniq_purgy
D:4:      uniq_blork_the_orc, uniq_menkaure
D:5:      kennysheep_spiral_hall, first_ration, portal_sewer_entry_b
D:6:      gammafunk_temple_overflow_pools, chequers_ossuary_entry_cave
D:7:      fedhas_altar_3, tso_oasis_becter, nicolae_temple_entry_ecumenical,
          serial_shops, shop, grunt_livestock
D:8:      lemuel_round_altar, due_lair_maze_entry_diamond, serial_shops, shop,
          trog_three_pillars_becter, uniq_maurice
D:9:      lemuel_round_altar, overflow_temple_1_default, basic_altar,
          serial_shops, shop_statue, uniq_psyche, uniq_prince_ribbit1
D:10:     gammafunk_wand_slinger, erik_orc_1, serial_bayou, serial_bayou_pond_e,
          serial_bayou_lagoon_a, serial_bayou_crossing, serial_bayou_pond_b,
          serial_bayou_pond_b, minmay_liquid_box, kennysheep_cluttered_room,
          nemelex_diamond_rough_becter
D:11:     minmay_misc_feat_secret_circle
D:13:     david_vaults_1
D:14:     lemuel_crystal_altar
D:15:     grunt_enter_depths_snipers, nrook_mini_vaults,
          nicolae_tso_carved_into_rock
Lair:1:   fungi_pond_lemuel, minmay_lair_oklob_bushes, hibernation_bobbens
Lair:2:   minmay_shoals_entry_lonely_mermaid
Lair:3:   infiniplex_staircase_pool_2
Lair:4:   spider_nest_entry_a, grunt_forest_small_clearings, serial_bayou_pond_c
Lair:5:   minmay_slime_entry_oklob_enclosed, st_stairs_3, minivault_25,
          nicolae_quartered_pool_medium
Lair:6:   minmay_lair_end_frog_pond, lab_entry_generic,
          cheibrodos_lair_lostbears
Shoals:1: nicolae_shoals_arrival_archipelago
Shoals:2: serial_shops, shop
Shoals:3: nicolae_shoals_dead_sea_scrolls, uniq_polyphemus, uniq_jorgrun,
          uniq_mara
Shoals:4: shoals_end_grunt_ice, shoals_ilsuiw_alternative
Spider:1: special_room, spider_trap, nicolae_spider_webs_and_nodes
Spider:2: special_room, hangedman_spider_mandibles, spider_trap, uniq_arachne
Spider:3: spiders_nest_scorpion_pit, special_room, spiders_nest_spider_trap
Spider:4: spider_rune_water
Orc:1:    enter_bailey_4, nooodl_orcs_dogs, uniq_fannar
Orc:2:    grunt_orc_gardens, grunt_orc_garden, grunt_orc_garden,
          grunt_orc_garden, grunt_orc_garden, serial_shops, nicolae_shop_trees,
          basic_altar, bh_open_orc_temple
Elf:1:    eino_elf_arrival_altar, serial_shops, shop, hangedman_elf_represent
Elf:2:    serial_shops, nicolae_shop_trees, uniq_nikola, uniq_roxanne,
          uniq_agnes
Elf:3:    grunt_elf_hall_asides, serial_shops, shop, spider_trap,
          nicolae_alphabet_shops, kilobyte_rumbling_trees
Vaults:1: v_pattern_1, vaults_room_large_hall, v_alt_pattern_6, v_misc_22,
          vaults_room_grunt_arrival_ludios, vaults_room_door_ring, serial_shops,
          nicolae_shop_stone
Vaults:2: v_misc_8, vaults_dpeg_hooks, v_misc_33,
          nicolae_vaults_know_your_exits, v_alt_pattern_5, grunt_vaults_funnel,
          nicolae_vaults_alarming, nicolae_vaults_little_squares_1,
          nicolae_vaults_windows_and_doors_thing, hangedman_vaults_snaps,
          nicolae_vaults_theta, vaults_room_large_hall,
          ontoclasm_vaults_gateway, serial_shops, shop
Vaults:3: nicolae_vaults_quadrants, v_rooms_1, hangedman_vaults_river_flow,
          vaults_mumra_chevron, v_misc_15, vaults_room_door_hall,
          nicolae_vaults_little_squares_6, minmay_crypt_entry_simple_corners,
          nicolae_vaults_network_periphery, v_misc_27,
          hangedman_vaults_stretched_pinwheel, vaults_room_corners,
          nicolae_vaults_ring_of_whatevers, serial_shops, shop
Vaults:4: grunt_vaults_focal, nicolae_vaults_mini_display_case,
          vaults_room_pools, v_rooms_2, hangedman_vaults_variations,
          nicolae_vaults_little_squares_3, v_misc_13, v_misc_14,
          nicolae_vaults_diagonal_hallway_7, vaults_mumra_hexcomb,
          vaults_room_pools, vaults_mumra_minichess_inversion,
          serial_hangedman_research, hangedman_research_electronics, uniq_boris,
          uniq_bai_suzhen
Depths:1: old_standard_altar, hangedman_coc_ice_floe, dispersion_dpeg
Depths:2: minmay_expanding_circles, fountainhead, grunt_hell_entry_dis_grunt,
          kennysheep_path_1, minmay_staircase_bubble
Depths:3: cheibrodos_spurs, enter_ziggurat_d, pan_entry,
          pf_hell_entry_tar_spiral
Depths:4: minmay_dotted_concentric_squares, rand_demon_pan_entry_7, hell_entry,
          serial_glass, glass_columns_a, glass_columns_a, glass_columns_b,
          glass_columns_c, glass_columns_a, glass_columns_a, glass_columns_a,
          glass_columns_c, abyss_entry, special_room
Depths:5: evilmike_zot_entry_diamond, hell_entry,
          serial_sigils_hangedman_writhe, nemelex_altar_shiori, uniq_margery,
          uniq_sojobo, uniq_saint_roka
Abyss:3:  hangedman_steaming_rock, nicolae_abyss_rune_star_stuff
Lab:      nicolae_lab_dead_adventurers, nicolae_lab_blocks, nicolae_lab_stuck
Ossuary:  ossuary_zaba_two_paths

Skill      XL: |  1  2  3  4  5  6  7  8  9 10 11 12 13 14 15 16 17 18 19 20 21 22 23 |
---------------+----------------------------------------------------------------------+-----
Long Blades    | 3 5 6 7 8 9 10 11 12 13 14 | 14.0
Fighting       | 3 4 6 7 9 10 12 13 15 16 17 20 21 22 23 24 25 | 25.0
Armour         | 4 5 8 10 13 15 17 | 17.4
Shields        | 4 6 7 8 9 10 11 12 13 14 15 | 15.0
Dodging        | 1 4 5 7 8 9 10 11 | 11.2
Invocations    | 4 6 8 10 11 13 14 16 18 19 20 | 20.6
Evocations     | 5 6 9 10 11 | 11.6

Action                   |  1- 3 |  4- 6 |  7- 9 | 10-12 | 13-15 | 16-18 | 19-21 | 22-24 || total
-------------------------+-------+-------+-------+-------+-------+-------+-------+-------++-------
Melee: Long sword        |    90 |   135 |   573 |   881 |       |       |  1005 |       ||  2684
       Falchion          |       |       |    21 |       |       |       |       |       ||    21
       Scimitar          |       |       |       |   325 |    19 |       |       |       ||   344
       Dagger            |       |       |       |    23 |       |       |       |       ||    23
       Demon blade       |       |       |       |       |  1799 |  2076 |  2073 |  2075 ||  8023
 Fire: Hunting sling     |    55 |    22 |    19 |     7 |       |       |       |       ||   103
Invok: Lesser Servant of |       |       |       |       |       |     4 |       |       ||     4
       Greater Servant o |       |       |       |       |       |     1 |     1 |       ||     2
 Abil: Heal Wounds       |     1 |     1 |    11 |     5 |       |       |     8 |     2 ||    28
Evoke: Wand              |       |     4 |     1 |    15 |     9 |    33 |    18 |     9 ||    89
       Phantom mirror    |       |       |       |       |     1 |       |       |       ||     1
       Fan of gales      |       |       |       |       |       |       |       |     1 ||     1
  Use: Potion            |     1 |     7 |     2 |     6 |     4 |     4 |     7 |     2 ||    33
       Scroll            |       |     5 |     9 |     9 |    13 |     4 |    22 |     6 ||    68
 Stab: Paralysed         |       |       |       |     8 |    22 |    41 |       |     1 ||    72
       Betrayed ally     |       |       |       |       |       |     1 |       |       ||     1
       Distracted        |       |       |       |       |       |       |     3 |       ||     3
  Eat: Chunk             |     2 |     4 |     5 |    21 |    33 |    26 |    21 |    20 ||   132
       Ration            |       |       |     3 |     1 |     2 |     2 |     9 |     2 ||    19
Armor: Scale mail        |    59 |    65 |   191 |    84 |       |       |       |       ||   399
       Skin              |       |     5 |       |       |       |       |       |       ||     5
       Swamp dragon scal |       |       |       |   281 |   367 |   432 |   385 |       ||  1465
       Fire dragon scale |       |       |       |       |       |       |   282 |   352 ||   634
       Gold dragon scale |       |       |       |       |       |       |       |   461 ||   461
Dodge: Dodged            |    28 |    29 |    98 |   395 |   588 |   558 |   854 |   632 ||  3182
Block: Shield            |    51 |    64 |   235 |   669 |  1101 |  1170 |  2269 |  1668 ||  7227
       Reflection        |       |       |       |    13 |    24 |    38 |   224 |    31 ||   330
       Rpst.: Long sword |     7 |    14 |    30 |    77 |       |       |    47 |       ||   175
       Falchion          |       |       |     2 |       |       |       |       |       ||     2
       Scimitar          |       |       |       |    26 |     2 |       |       |       ||    28
       Demon blade       |       |       |       |       |   149 |   123 |   110 |    93 ||   475

Table legend:
 A = Spawn XP
 B = Non-spawn XP
 C = Spawn XP percentage of total XP
 D = Spawn monster count
 E = Non-spawn monster count
 F = Spawn count percentage of total count
 G = Total turns spent on level
                    A         B        C        D         E        F      G
               +---------+---------+-------+---------+---------+-------+---------
         Total |   25229 |  963839 |   2.6 |      52 |    1944 |   2.6 | 56277
               +---------+---------+-------+---------+---------+-------+---------
           D:1 |       0 |      24 |   0.0 |       0 |      14 |   0.0 |   728
           D:2 |       0 |     193 |   0.0 |       0 |      24 |   0.0 |   759
           D:3 |       0 |     329 |   0.0 |       0 |      23 |   0.0 |   820
           D:4 |       0 |     481 |   0.0 |       0 |      11 |   0.0 |  1016
           D:5 |       0 |     485 |   0.0 |       0 |      21 |   0.0 |  1210
           D:6 |       0 |     831 |   0.0 |       0 |      18 |   0.0 |   569
           D:7 |       0 |    1497 |   0.0 |       0 |      16 |   0.0 |   939
           D:8 |       0 |    2391 |   0.0 |       0 |      20 |   0.0 |  1229
           D:9 |       0 |    1875 |   0.0 |       0 |      24 |   0.0 |  1095
          D:10 |       0 |    6576 |   0.0 |       0 |      51 |   0.0 |  1902
          D:11 |       0 |    3994 |   0.0 |       0 |      30 |   0.0 |   809
          D:12 |       0 |    3719 |   0.0 |       0 |      24 |   0.0 |  1030
          D:13 |       0 |   16223 |   0.0 |       0 |      35 |   0.0 |  1062
          D:14 |       0 |   10529 |   0.0 |       0 |      29 |   0.0 |   786
          D:15 |       0 |   21273 |   0.0 |       0 |      55 |   0.0 |  1412
        Lair:1 |       0 |    2246 |   0.0 |       0 |       9 |   0.0 |  1018
        Lair:2 |       0 |    5486 |   0.0 |       0 |      21 |   0.0 |  1296
        Lair:3 |       0 |    5584 |   0.0 |       0 |      25 |   0.0 |   888
        Lair:4 |       0 |    8789 |   0.0 |       0 |      36 |   0.0 |   961
        Lair:5 |       0 |    5069 |   0.0 |       0 |      20 |   0.0 |   767
        Lair:6 |       0 |   15635 |   0.0 |       0 |      64 |   0.0 |  1709
      Shoals:1 |       0 |   17617 |   0.0 |       0 |      36 |   0.0 |   877
      Shoals:2 |       0 |   16352 |   0.0 |       0 |      31 |   0.0 |   758
      Shoals:3 |       0 |   19911 |   0.0 |       0 |      31 |   0.0 |   818
      Shoals:4 |       0 |   13597 |   0.0 |       0 |      16 |   0.0 |   242
      Spider:1 |       0 |    6622 |   0.0 |       0 |      32 |   0.0 |   597
      Spider:2 |       0 |   20159 |   0.0 |       0 |      45 |   0.0 |  1117
      Spider:3 |       0 |   26823 |   0.0 |       0 |      65 |   0.0 |  1291
      Spider:4 |       0 |   30162 |   0.0 |       0 |      69 |   0.0 |  1968
         Orc:1 |       0 |    4654 |   0.0 |       0 |      47 |   0.0 |  1240
         Orc:2 |       0 |   15649 |   0.0 |       0 |      52 |   0.0 |  1207
         Elf:1 |       0 |   28458 |   0.0 |       0 |      46 |   0.0 |  1417
         Elf:2 |       0 |   56074 |   0.0 |       0 |      78 |   0.0 |  2051
         Elf:3 |       0 |   31176 |   0.0 |       0 |      39 |   0.0 |   999
      Vaults:1 |       0 |   42042 |   0.0 |       0 |      75 |   0.0 |  1951
      Vaults:2 |       0 |   29417 |   0.0 |       0 |      54 |   0.0 |  1788
      Vaults:3 |       0 |   69048 |   0.0 |       0 |     103 |   0.0 |  2510
      Vaults:4 |       0 |   47745 |   0.0 |       0 |      66 |   0.0 |  1912
      Depths:1 |       0 |   59289 |   0.0 |       0 |      76 |   0.0 |  2355
      Depths:2 |       0 |   41347 |   0.0 |       0 |      59 |   0.0 |  1092
      Depths:3 |       0 |   92914 |   0.0 |       0 |     121 |   0.0 |  2064
      Depths:4 |       0 |   59439 |   0.0 |       0 |      55 |   0.0 |  1522
      Depths:5 |       0 |   85469 |   0.0 |       0 |      68 |   0.0 |  2040
       Abyss:3 |   25229 |   35387 |  41.6 |      52 |      70 |  42.6 |  1354
           Lab |       0 |    1091 |   0.0 |       0 |       1 |   0.0 |   611
       Ossuary |       0 |     168 |   0.0 |       0 |      39 |   0.0 |   491
               +---------+---------+-------+---------+---------+-------+---------
